 Dungeon Crawl Stone Soup version 0.21-a0-85-ga0cb861 (webtiles) character file.

76 grindst0ne the Shield-Bearer (level 4, 0/37 HPs)
             Began as a Formicid Fighter on June 25, 2017.
             Killed by divine providence
             ... invoked by an orc priest
              (16 damage)
             ... on level 3 of the Dungeon.
             The game lasted 00:02:01 (1775 turns).

grindst0ne the Shield-Bearer (Formicid Fighter)     Turns: 1775, Time: 00:02:01

Health: 0/37       AC: 16    Str: 21    XL:     4   Next: 57%
Magic:  4/4        EV:  4    Int:  7    God:
Gold:   102        SH:  9    Dex: 11    Spells: 3/3 levels left

rFire    . . .     SeeInvis +   a - +0 war axe
rCold    . . .     Gourm    .   c - +0 shield
rNeg     . . .     Faith    .   l - +0 plate armour
rPois    .         Spirit   .   (helmet unavailable)
rElec    .         Reflect  .   t - +0 cloak
rCorr    .         Harm     .   (no gloves)
MR       .....                  u - +2 pair of boots
Stlth    ..........             (no amulet)
HPRegen  0.12/turn              (no ring)
MPRegen  0.09/turn              (no ring)

@: lethally poisoned (0 -> -5)
A: permanent stasis, dig shafts and tunnels, four strong arms, antennae 3
a: Dig, Shaft Self


You were on level 3 of the Dungeon.
You were not hungry.

You visited 1 branch of the dungeon, and saw 3 of its levels.

You collected 102 gold pieces.

Inventory:

Hand Weapons
 a - a +0 war axe (weapon)
Armour
 b - a +0 scale mail
 c - a +0 shield (worn)
 l - a +0 plate armour (worn)
 t - a +0 cloak (worn)
 u - a +2 pair of boots (worn)
Jewellery
 o - a +3 ring of strength {unknown}
Scrolls
 e - a scroll of amnesia {unknown}
 h - 3 scrolls of identify {unknown}
 j - a scroll of teleportation {unknown}
 m - 3 scrolls of recharging {unknown}
 r - a scroll of noise {unknown}
 s - 3 scrolls of fear {unknown}
Potions
 d - a potion of might
 g - a potion of haste {unknown}
 k - a potion of heal wounds {unknown}
 n - a potion of curing {unknown}
 p - a potion of mutation {unknown}
 q - a potion of lignification {unknown}
Comestibles
 f - a bread ration
 i - a meat ration
 v - 2 chunks of flesh


   Skills:
 + Level 4.0 Fighting
 + Level 2.9 Axes
 + Level 3.9 Armour
 + Level 4.1 Shields


You had 3 spell levels left.
You didn't know any spells.

Dungeon Overview and Level Annotations

Branches:
Dungeon (3/15)

Altars:
Sif Muna


Innate Abilities, Weirdness & Mutations

You cannot be hasted, slowed, berserked, paralysed or teleported.
You can dig through walls and to a lower floor.
Your four strong arms can wield two-handed weapons with a shield.
You have a pair of large antennae on your head. (SInv)


Message History

The orc priest calls down the wrath of Beogh upon you.
Beogh smites you! The rat bites you but does no damage.
You hear a shout!
You are too injured to fight recklessly!
You are too injured to fight recklessly!
You are too injured to fight recklessly!
You are too injured to fight recklessly!
You are too injured to fight recklessly!
You are too injured to fight recklessly!
You are too injured to fight recklessly!
You are too injured to fight recklessly!
You are too injured to fight recklessly!
You are too injured to fight recklessly!
You are too injured to fight recklessly!
You extend your mandibles.
You dig through the rock wall.
You block the rat's attack.
You retract your mandibles.
You feel sick.
The orc priest mumbles some strange prayers to Beogh against you.
Beogh smites you!
You die...

... {.. .. ...
.### .... ...#
.....######.#.#
.......<......#
######..@#.#..#
#....r# ...
#...#o# #
#...#..o{{...
#...##oo.....
#...# .#...#.
....# .#...#
#.#..# .# ....
#.#.. .# ...


You could see 2 orc priests, 2 orcs and a rat.

Vanquished Creatures
  3 adders (D:2)
  2 dart slugs (D:1)
  2 ball pythons (D:1)
  3 giant cockroaches
  8 goblins
  8 hobgoblins
  4 kobolds
  A quokka (D:2)
  4 bats
  3 frilled lizards
  2 rats
40 creatures vanquished.

Notes
Turn   | Place    | Note
-------+----------+-------------------------------------------
     0 | D:1      | grindst0ne the Formicid Fighter began the quest for the Orb.
     0 | D:1      | Reached XP level 1. HP: 18/18 MP: 1/1
   171 | D:1      | Reached XP level 2. HP: 20/24 MP: 2/2
   486 | D:1      | Reached XP level 3. HP: 29/29 MP: 3/3
   980 | D:2      | Reached XP level 4. HP: 32/37 MP: 4/4
  1268 | D:2      | Found a deep blue altar of Sif Muna.
  1775 | D:3      | Killed from afar by an orc priest

Vault maps used:
D:1:      evilmike_arrival_rings
D:2:      nicolae_overflow_crystal_walls, minmay_pentomino_q4
D:3:      lemuel_crystal_altar, nemelex_xobeh_ov_fountains_minmay

Skill      XL: |  1  2  3  4 |
---------------+-------------+-----
Shields        | 4 |  4.1
Fighting       | 4 |  4.0
Axes           | |  2.9
Armour         | |  3.9

Action                   |  1- 3 |  4- 6 || total
-------------------------+-------+-------++-------
Melee: War axe           |    79 |    72 ||   151
 Abil: Dig               |     2 |     1 ||     3
  Eat: Chunk             |     1 |     2 ||     3
Armor: Scale mail        |    13 |       ||    13
       Plate armour      |    45 |    65 ||   110
Dodge: Dodged            |    19 |    13 ||    32
Block: Shield            |    44 |    50 ||    94
